 Dungeon Crawl Stone Soup version 0.19.5 (webtiles) character file.

319 tof the Conjurer (level 6, -1/32 HPs)
             Began as a Deep Elf Wizard on Mar 13, 2017.
             Slain by a worker ant (4 damage)
             ... on level 4 of the Dungeon.
             The game lasted 00:12:13 (5170 turns).

tof the Conjurer (Deep Elf Wizard)                  Turns: 5170, Time: 00:12:13

Health: -1/32      AC:  3    Str:  7    XL:     6   Next: 21%
Magic:  4/14       EV: 13    Int: 25    God:
Gold:   236        SH:  0    Dex: 13    Spells: 3 memorised, 7 levels left

rFire  . . .     SeeInvis .     (no weapon)
rCold  + . .     Gourm    .     a - +0 robe
rNeg   . . .     Faith    .     (no shield)
rPois  .         Spirit   .     b - +0 hat
rElec  .         Reflect  .     (no cloak)
rCorr  .         Harm     .     r - +0 pair of gloves
MR     .....                    (no boots)
Stlth  ++........               (no amulet)
                                p - +3 ring of strength
                                o - ring of protection from cold

@: lethally poisoned (-1 -> -5), hasted, very quick
A: no striking features
a: no special abilities


You were on level 4 of the Dungeon.
You were not hungry.

You visited 1 branch of the dungeon, and saw 4 of its levels.

You collected 236 gold pieces.

Inventory:

Armour
 a - a +0 robe (worn)
 b - a +0 hat (worn)
 r - a +0 pair of gloves (worn)
Jewellery
 o - a ring of protection from cold (left hand)
 p - a +3 ring of strength (right hand)
Scrolls
 e - 4 scrolls of teleportation {unknown}
 g - 3 scrolls of fog {unknown}
 h - 2 scrolls of magic mapping {unknown}
 i - a scroll of noise {unknown}
 j - 6 scrolls of remove curse {unknown}
 k - 3 scrolls of identify {unknown}
 m - 2 scrolls of immolation {unknown}
 s - a scroll of blinking {unknown}
 u - a scroll of enchant armour {unknown}
Potions
 f - a potion of haste
 q - a potion of brilliance {unknown}
Books
 c - a book of Minor Magic

   Spells                             Type                      Level
   a - Magic Dart                     Conjuration                  1
   b - Blink                          Translocation                2
   c - Call Imp                       Summoning                    2
   d - Repel Missiles                 Charms/Air                   2
   e - Slow                           Hexes                        2
   f - Conjure Flame                  Conjuration/Fire             3
   g - Mephitic Cloud                 Conjuration/Poison/Air       3
Comestibles
 d - 2 bread rations
 l - a royal jelly
 n - a meat ration
 t - 2 chunks of flesh


   Skills:
 - Level 2.4 Dodging
 - Level 2.4 Stealth
 - Level 4.4 Spellcasting
 + Level 7.0 Conjurations
   Level 1.1 Summonings
 - Level 1.1 Translocations


You had 7 spell levels left.
You knew the following spells:

 Your Spells              Type           Power        Failure   Level  Hunger
a - Magic Dart            Conj           ####         1%          1    None
b - Blink                 Tloc           N/A          10%         2    None
c - Mephitic Cloud        Conj/Pois/Air  ###.....     12%         3    ##.....


Dungeon Overview and Level Annotations

Branches:
Dungeon (4/15)
 Temple: D:4-7

Altars:


Message History

Press: ? - help, Shift-Dir - straight line, f/p - worker ant
Aim: a worker ant (severely wounded)
The magic dart hits the worker ant.
The worker ant is almost dead.
The worker ant misses you. The worker ant bites you.
You are poisoned.
The worker ant poisons you!
Casting: Magic Dart
Confirm with . or Enter, or press ? or * to list all spells.
Aiming: Magic Dart
Press: ? - help, Shift-Dir - straight line, f/p - worker ant
Aim: a worker ant (almost dead)
The magic dart hits the worker ant.
The worker ant is almost dead.
You feel sick. The worker ant bites you.
* * * LOW HITPOINT WARNING * * *
It was a potion of haste.
You feel yourself speed up.
* * * LOW HITPOINT WARNING * * *
You feel sick. The worker ant bites you.
You die...

###.###....##
#.......<...#
#.#...####..
...###.# ## .##
#.## .! ..
##..#####.## .
##...>.......
##........#..
.........@a.#
##.............#
#.......$...#..(
#..........## #.
#..........#
##<.....$..#
#.........#
#.........#


You could see a worker ant.

Vanquished Creatures
  An ice beast (D:3)
  An orc wizard (D:4)
  2 hound skeletons (D:4)
  8 adders
  An ooze (D:3)
  4 worms
  3 dart slugs
  A leopard gecko (D:4)
  4 orcs (D:3)
  6 giant cockroaches
  5 goblins
  8 hobgoblins
  7 jackals
  A quokka (D:3)
  A ball python (D:1)
  8 bats
  6 frilled lizards
  9 kobolds
  10 rats
86 creatures vanquished.

Notes
Turn   | Place    | Note
-------+----------+-------------------------------------------
     0 | D:1      | tof the Deep Elf Wizard began the quest for the Orb.
     0 | D:1      | Reached XP level 1. HP: 10/10 MP: 7/7
   231 | D:1      | Reached skill level 2 in Conjurations
   396 | D:1      | Reached XP level 2. HP: 15/15 MP: 5/9
   865 | D:1      | Reached skill level 3 in Conjurations
  1322 | D:1      | Reached XP level 3. HP: 19/19 MP: 2/10
  1763 | D:2      | Reached skill level 4 in Conjurations
  1915 | D:2      | Reached XP level 4. HP: 19/24 MP: 2/12
  2698 | D:3      | Reached skill level 5 in Conjurations
  3050 | D:3      | Found a faded altar of an unknown god.
  3108 | D:3      | Reached XP level 5. HP: 28/28 MP: 9/13
  3527 | D:3      | Learned a level 2 spell: Blink
  4465 | D:3      | Learned a level 3 spell: Mephitic Cloud
  4483 | D:4      | Noticed a centaur
  4484 | D:4      | Reached skill level 6 in Conjurations
  4620 | D:3      | Noticed an ice beast
  4935 | D:3      | Killed an ice beast
  4935 | D:3      | Reached XP level 6. HP: 20/32 MP: 2/14
  5130 | D:4      | Reached skill level 7 in Conjurations
  5170 | D:4      | Slain by a worker ant

Skill      XL: |  1  2  3  4  5  6 |
---------------+-------------------+-----
Conjurations   | 2 3 4 5 6 7 |  7.0
Dodging        | |  2.4
Stealth        | |  2.4
Spellcasting   | |  4.4
Summonings     | |  1.1
Translocations | |  1.1

Action                   |  1- 3 |  4- 6 || total
-------------------------+-------+-------++-------
 Cast: Magic Dart        |   109 |   137 ||   246
       Blink             |       |     6 ||     6
       Mephitic Cloud    |       |     2 ||     2
  Use: Potion            |       |     1 ||     1
  Eat: Chunk             |     3 |     6 ||     9
       Meat ration       |       |     1 ||     1
Armor: Robe              |     2 |     4 ||     6
Dodge: Dodged            |    12 |    24 ||    36
